Map: Cerulean Fall LE

Players

Trifax

  • Race: Zerg Zerg
  • League: Master
  • Spawn Location: 7:00

Aristori - Winner!

  • Race: Zerg Zerg
  • League: Master
  • Spawn Location: 1:00

VOD

Have the link to the VOD?

Description

xx

Time

  • Played on: Jan. 21, 2019, 1:20 p.m.
  • Length: 6:24
Show
View Real Time Build Order
Export as new Build Order

Trifax Zerg 

Build Orders: Hatch First 

Get SALT Encoding   

  12  0:01  Drone  
  13  0:14  Overlord  
  13  0:18  Drone  
  14  0:33  Drone x2  
  16  0:51  Hatchery  
  16  0:53  Drone  
  16  0:57  Drone  
  17  0:59  Drone  
  18  1:11  Extractor  
  18  1:15  Spawning Pool  
  16  1:19  Drone  
  16  1:22  Drone  
  18  1:31  Drone  
  19  1:42  Drone  
  20  1:56  Overlord  
  20  2:03  Queen x2  
  20  2:04  Drone x2  
  26  2:15  Drone x2  
  28  2:27  Drone x2  
  30  2:35  Zergling x4  
  32  2:38  Queen  
  34  2:46  Lair  
  34  2:51  Overlord  
  34  2:52  Evolution Chamber  
  33  2:59  Drone x2  
  33  3:04  Drone  
  36  3:14  Queen  
  36  3:17  Zerg Missile Weapons Level 1  
  38  3:22  Roach Warren  
  38  3:23  Drone x3  
  38  3:25  Drone x3  
  43  3:28  Overlord  
  43  3:42  Extractor  
  43  3:43  Drone x2  
  43  3:44  Extractor  
  43  3:51  Evolution Chamber  
  43  3:54  Overlord  
  42  4:00  Drone x2  
  42  4:01  Drone  
  42  4:02  Drone x4  
  47  4:10  Drone  
  47  4:11  Drone  
  47  4:15  Glial Reconstitution  
  47  4:16  Zerg Ground Armor Level 1  
  49  4:21  Drone x2  
  49  4:23  Overlord  
  51  4:28  Roach x3  
  57  4:32  Roach  
  59  4:45  Roach x2  
  63  4:52  Hatchery  
  62  4:56  Drone x3  
  65  5:02  Roach  
  65  5:04  Extractor, Overlord x2  
  66  5:23  Roach  
  66  5:24  Roach x4  
  76  5:34  Roach  
  76  5:42  Roach x3  
  74  5:44  Roach  
  74  5:46  Overlord  
  68  5:57  Roach x4  
  68  6:04  Roach  
Show
View Real Time Build Order
Export as new Build Order

Aristori Zerg - Winner!

Build Orders: Hatch First 

Get SALT Encoding   

  12  0:00  Drone  
  13  0:12  Overlord  
  13  0:16  Drone  
  14  0:30  Drone x2  
  16  0:49  Hatchery  
  15  0:52  Drone  
  15  0:55  Drone  
  17  0:59  Drone  
  18  1:10  Extractor  
  17  1:16  Spawning Pool  
  17  1:17  Drone  
  17  1:20  Drone  
  18  1:28  Drone  
  19  1:42  Drone  
  20  1:58  Overlord  
  20  2:02  Queen x2  
  20  2:03  Zergling x2  
  20  2:04  Zergling x2  
  26  2:21  Drone x2  
  28  2:30  Drone x2  
  30  2:38  Lair  
  30  2:40  Queen  
  30  2:44  Overlord, Drone  
  32  2:45  Drone x2  
  35  3:01  Roach Warren  
  35  3:03  Evolution Chamber  
  35  3:04  Drone x2  
  34  3:13  Overlord  
  34  3:14  Drone x4  
  38  3:23  Overlord  
  38  3:24  Drone  
  38  3:25  Drone  
  40  3:27  Extractor  
  40  3:29  Extractor  
  40  3:31  Zerg Missile Weapons Level 1  
  38  3:39  Drone x3  
  41  3:49  Glial Reconstitution  
  41  3:51  Drone x4  
  47  4:10  Roach x6  
  57  4:18  Roach  
  57  4:20  Overlord x2  
  59  4:34  Hatchery  
  58  4:39  Overlord, Roach  
  58  4:40  Roach  
  58  4:43  Roach  
  64  4:48  Roach x2  
  64  4:49  Roach  
  68  4:55  Roach x2  
  68  4:57  Roach  
  68  4:59  Ravager  
  75  5:05  Hatchery  
  75  5:08  Roach x3  
  75  5:13  Overlord  
  80  5:18  Roach  
  80  5:20  Overlord  
  82  5:25  Overlord  
  82  5:26  Overlord  
  77  5:40  Roach x5  
  83  6:00  Roach x6  
Tags
 
Add a new tag
Caveats
  • Supply blocks, unpowered buildings, or Contaminate may cause inaccurate times.
  • Supply counts are checked every 10 seconds.